 Dungeon Crawl Stone Soup version 0.27-a0-1202-ge72e49191c (webtiles) character file.

Game seed: 10033074810923125973

281 27snakeeyes612 the Chopper (level 6, -2/56 HPs)
             Began as a Naga Fighter on June 3, 2021.
             Slain by an ogre
             ... wielding a +0 giant club
              (15 damage)
             ... on level 4 of the Dungeon.
             The game lasted 00:01:54 (3696 turns).

27snakeeyes612 the Chopper (Naga Fighter)           Turns: 3696, Time: 00:01:55

Health: -2/56      AC:  7    Str: 26    XL:     6   Next: 27%
Magic:  6/6        EV:  6    Int:  8    God:
Gold:   133        SH:  9    Dex: 11    Spells: 5/5 levels left

rFire    . . .     SeeInvis +   a - +0 war axe
rCold    . . .     Faith    .   c - +0 kite shield
rNeg     . . .     Spirit   .   b - +0 scale mail
rPois    +         Reflect  .   g - +0 helmet
rElec    .         Harm     .   (no cloak)
rCorr    .         Rampage  .   (no gloves)
Will     .....                  (no barding)
Stlth    ..........             (no amulet)
HPRegen  0.18/turn              m - +6 ring of strength
MPRegen  0.10/turn              (no ring)

@: very slow
A: AC +2, large, see invisible, deformed body, poison resistance, slowness 2,
spit poison 1, naga tail 1
a: Spit Poison


You were on level 4 of the Dungeon.
You visited 1 branch of the dungeon, and saw 4 of its levels.

You collected 133 gold pieces.

Inventory:

Hand Weapons
 a - a +0 war axe (weapon)
Armour
 b - a +0 scale mail (worn)
 c - a +0 kite shield (worn)
 g - a +0 helmet (worn)
Jewellery
 m - a +6 ring of strength (left hand)
Scrolls
 e - 3 scrolls of teleportation {unknown}
 f - a scroll of noise {unknown}
 h - a scroll of fear {unknown}
 l - 2 scrolls of fog {unknown}
 n - a scroll of summoning {unknown}
 o - a scroll of enchant weapon {unknown}
 r - a scroll of identify {unknown}
Potions
 d - a potion of might
 i - 2 potions of flight {unknown}
 j - a potion of berserk rage {unknown}
 k - a potion of lignification {unknown}
 p - a potion of degeneration {unknown}
 q - a potion of mutation {unknown}
 s - a potion of curing {unknown}


   Skills:
 + Level 3.5 Fighting
 + Level 4.0 Axes
 + Level 3.6 Armour
 + Level 1.0 Dodging
 + Level 0.5 Stealth
 + Level 3.2 Shields


You had 5 spell levels left.
You didn't know any spells.
Your spell library contained the following spells:

 Spells                   Type           Power      Damage    Failure   Level
 Sandblast                Erth           0%         2d4       98%         1
 Passwall                 Tmut/Erth      0%         N/A       99%         2
 Confusing Touch          Hex            0%         N/A       100%        3
 Gell's Gravitas          Tloc           0%         N/A       100%        3
 Stone Arrow              Conj/Erth      0%         3d7       100%        3
 Petrify                  Tmut/Erth      0%         N/A       100%        4
 Lee's Rapid Deconstruct  Erth           0%         3d5*      100%        5
 Metabolic Englaciation   Hex/Ice        0%         N/A       100%        5
 Yara's Violent Unravell  Hex/Tmut       0%         3d3       100%        5


Dungeon Overview and Level Annotations

Branches:
Dungeon (4/15)
 Temple: D:4-7

Altars:
Kikubaaqudgha
Sif Muna
Vehumet


Innate Abilities, Weirdness & Mutations

Your serpentine skin is tough. (AC +2)
You have supernaturally acute eyesight. (SInv)
Armour fits poorly on your strangely shaped body.
Your system is resistant to poisons. (rPois)
You cover ground very slowly.
You can spit poison.
You have a snake-like lower body.


Message History

You hit the quokka but do no damage. You block the quokka's attack.
You hit the quokka.
You kill the quokka!
No target in view!
No target in view!
No target in view!
No target in view!
No target in view!
No target in view!
r - a scroll labelled SYULUS MO KUC
Found a stone staircase leading up.
s - a green potion No target in view!
No target in view!
An ogre comes into view. It is wielding a +0 giant club.
The ogre shouts!
An ogre is nearby!
An ogre is nearby!
A goblin comes into view. It is wielding a +0 club.
The splash of poison hits the ogre but does no damage.
The ogre hits you with a +0 giant club!
You slash the ogre!
The ogre is heavily wounded.
The ogre hits you with a +0 giant club!
Unknown command.
You hit the ogre but do no damage.
The ogre is heavily wounded.
The ogre hits you with a +0 giant club!
* * * LOW HITPOINT WARNING * * *
You block the ogre's attack.
You slash the ogre!
The ogre is severely wounded.
You block the ogre's attack.
You barely miss the ogre.
The ogre is severely wounded.
You hit the goblin.
You kill the goblin!
You have got your breath back.
The ogre hits you with a +0 giant club!
You die...

#.#.........# #..
#.#........## #..
#...<......# #..
#..#.......#####..
##.###....#.......
##.................
####..#############...
###....##### #...
#.......@O..# ###.
...##...)?...# #. .#
#..........# .
...........## #
#...........##
......$....##
..........##
.........##


You could see an ogre.

Vanquished Creatures
  A scorpion (D:4)
  A bullfrog zombie (D:3)
  An iguana (D:3)
  3 orc wizards (D:3)
  3 adders
  A worm (D:4)
  8 endoplasms
  4 giant cockroaches
  6 goblins
  6 hobgoblins
  3 jackals (D:3)
  3 quokkas
  2 ball pythons (D:2)
  5 bats
  9 kobolds
  4 rats
60 creatures vanquished.

Notes
Turn   | Place    | Note
-------+----------+-------------------------------------------
     0 | D:1      | 27snakeeyes612 the Naga Fighter began the quest for the
                  | Orb.
     0 | D:1      | Reached XP level 1. HP: 21/21 MP: 1/1
   323 | D:1      | Reached XP level 2. HP: 24/28 MP: 2/2
  1137 | D:1      | Found a faded altar of an unknown god.
  1244 | D:2      | Reached XP level 3. HP: 32/34 MP: 3/3
  2390 | D:3      | Reached XP level 4. HP: 42/42 MP: 4/4
  2425 | D:3      | Reached skill level 3 in Axes
  2984 | D:3      | Found a shimmering blue altar of Sif Muna.
  2992 | D:3      | Reached XP level 5. HP: 37/49 MP: 5/5
  3068 | D:3      | Found an ancient bone altar of Kikubaaqudgha.
  3088 | D:3      | Found a radiant altar of Vehumet.
  3432 | D:4      | Reached skill level 4 in Axes
  3432 | D:4      | Reached skill level 1 in Dodging
  3432 | D:4      | Reached XP level 6. HP: 39/56 MP: 6/6
  3696 | D:4      | Slain by an ogre

Illustrated notes

Levels and vault maps discovered:
D:1:      psy_arrival_dodecagon, layout_basic, ebering_ecumenical_altar_rust,
          minmay_misc_feat_more_columns, dk_noncrumbling_4,
          serial_park_tiny_pond, minivault_27, hangedman_decor_peaks_small,
          minmay_cupped
D:2:      layout_basic
D:3:      layout_basic, palyth_temple_overflow_mages
D:4:      layout_cave_pods

Skill      XL: |  1  2  3  4  5 |
---------------+----------------+-----
Axes           | 3 4 |  4.0
Armour         | 3 |  3.6
Shields        | 3 |  3.2
Dodging        | 1 |  1.0
Fighting       | |  3.5
Stealth        | |  0.5

Action                   |  1- 3 |  4- 6 || total
-------------------------+-------+-------++-------
Melee: War axe           |   121 |    83 ||   204
 Abil: Spit Poison       |       |     2 ||     2
Armor: Scale mail        |    70 |    29 ||    99
Dodge: Dodged            |    30 |     9 ||    39
Block: Kite shield       |    66 |    47 ||   113

Table legend: (Time is in decaauts)
 A = Elapsed time spent in this place.
 B = Non-inter-level travel time spent in this place.
 C = Inter-level travel time spent in this place.
 D = Time resting spent in this place.
 E = Time spent auto-exploring this place.
 F = Levels seen in this place.
 G = Mean time per level.
                   A        B        C        D        E       F      G
               +--------+--------+--------+--------+--------+-----+--------+
         Total |   4604 |   4438 |    166 |    281 |   3615 |   4 | 1151.0 |
       Dungeon |   4604 |   4438 |    166 |    281 |   3615 |   4 | 1151.0 |
               +--------+--------+--------+--------+--------+-----+--------+

Top non-repeatable levels by time:
     D:1: 1544 daAuts
     D:2: 1432 daAuts
     D:3: 1287 daAuts
     D:4: 340 daAuts
